 Dungeon Crawl Stone Soup version 0.22-a0-897-g1b7a381375 (webtiles) character file.

396 IcyTea the Changer (level 6, 0/47 HPs)
             Began as a Draconian Transmuter on July 31, 2018.
             Slain by a worker ant (7 damage)
             ... on level 3 of the Dungeon.
             The game lasted 00:15:44 (5099 turns).

IcyTea the Changer (Draconian Transmuter)           Turns: 5099, Time: 00:15:46

Health: 0/47       AC:  8    Str: 13    XL:     6   Next: 52%
Magic:  9/9        EV: 12    Int: 15    God:
Gold:   110        SH:  0    Dex: 11    Spells: 1/9 levels left

rFire    . . .     SeeInvis .     - Unarmed
rCold    . . .     Gourm    .   (no shield)
rNeg     . . .     Faith    .   (armour unavailable)
rPois    .         Spirit   .   (helmet restricted)
rElec    .         Reflect  .   (no cloak)
rCorr    .         Harm     .   n - +1 pair of gloves
MR       .....                  (no boots)
Stlth    +.........             e - amulet of the acrobat
HPRegen  0.15/turn              (no ring)
MPRegen  0.11/turn              (no ring)

@: lethally poisoned (0 -> -13), appendage (expiring)
A: unfitting armour, horns 2, cold-blooded, AC +6
a: End Transformation


You were on level 3 of the Dungeon.
You were not hungry.
You had grown temporary horns.
You visited 1 branch of the dungeon, and saw 4 of its levels.

You collected 110 gold pieces.

Inventory:

Missiles
 a - 69 arrows
Armour
 n - a +1 pair of gloves (worn)
Jewellery
 e - an amulet of the acrobat (around neck)
Wands
 j - a wand of disintegration (17)
Scrolls
 b - 2 scrolls of remove curse
 f - a scroll of teleportation
 g - 6 scrolls of identify
 h - a scroll of immolation
 i - 2 scrolls of magic mapping
Potions
 d - a potion of brilliance
Comestibles
 c - 3 rations
 k - 3 chunks of flesh


   Skills:
 - Level 1.1 Fighting
 - Level 1.7 Dodging
 - Level 3.0 Unarmed Combat
 - Level 2.0 Spellcasting
 + Level 7.1 Transmutations


You had one spell level left.
You knew the following spells:

 Your Spells              Type           Power        Failure   Level  Hunger
a - Beastly Appendage     Tmut           ###...       1%          1    #......
b - Sticks to Snakes      Tmut           ###.....     1%          2    ###....
c - Blade Hands           Tmut           ###.......   32%         5    ######.

Your spell library contained the following spells:

 Spells                   Type           Power        Failure   Level  Hunger
 Spider Form              Tmut/Pois      ##........   16%         3    ###....
 Ice Form                 Ice/Tmut       ##......     45%         4    #####..


Dungeon Overview and Level Annotations

Branches:
Dungeon (4/15)
 Temple: D:4-7

Altars:
Ashenzari
Yredelemnul

Annotations:
D:3 1 runed door, Sigmund


Innate Abilities, Weirdness & Mutations

Your plain brown scales are hard. (AC +6)
You cannot fit into any form of body armour.
You are cold-blooded and may be slowed by cold attacks.
You have a pair of horns on your head.


Message History

The worker ant is moderately wounded.
The worker ant waves its antennae.
The worker ant bites you but does no damage.
You closely miss the worker ant.
The worker ant is moderately wounded.
The worker ant misses you.
You closely miss the worker ant. Your headbutt misses the worker ant.
You tail-slap the worker ant.
The worker ant is heavily wounded.
The worker ant bites you.
* * * LOW HITPOINT WARNING * * *
You are poisoned.
The worker ant poisons you!
You barely miss the worker ant.
The worker ant is heavily wounded.
You feel sick. The worker ant bites you.
* * * LOW HITPOINT WARNING * * *
You are lethally poisoned!
The worker ant poisons you! The worker ant bites you!
You die...

##### ### #...# #.#
############...##
#.#######>@.............#
#........a########......#
#....###..##.....##.....#
#....# #..##............###
#....# #..##...............
#....# #..##...............
#....# #..##.........##.###
#....# #..##..........#.###
#....###..##..#...........#


You could see a worker ant.

Vanquished Creatures
  A hound (D:4)
  2 bullfrog skeletons (D:4)
  2 worker ants
  7 gnolls
  3 adders
  An ooze (D:3)
  A dart slug (D:4)
  3 leopard geckos
  An orc (D:3)
  2 giant cockroaches
  5 goblins
  5 hobgoblins
  3 jackals (D:1)
  10 kobolds
  8 bats
  4 frilled lizards
  A goblin zombie (D:3)
  2 rats
61 creatures vanquished.

Vanquished Creatures (collateral kills)
  2 ogres
  An adder (D:2)
3 creatures vanquished.

Vanquished Creatures (others)
  An iguana (D:4)
  An adder (D:4)
  4 gnolls (D:4)
6 creatures vanquished.

Grand Total: 70 creatures vanquished

Notes
Turn   | Place    | Note
-------+----------+-------------------------------------------
     0 | D:1      | IcyTea the Draconian Transmuter began the quest for the Orb.
     0 | D:1      | Reached XP level 1. HP: 16/16 MP: 3/3
   171 | D:1      | Reached XP level 2. HP: 16/23 MP: 1/5
   217 | D:1      | Learned a level 2 spell: Sticks to Snakes
   242 | D:1      | Reached skill level 3 in Transmutations
  1312 | D:2      | Reached XP level 3. HP: 28/28 MP: 6/6
  1718 | D:2      | Found a shattered altar of Ashenzari.
  1728 | D:2      | Reached skill level 4 in Transmutations
  1922 | D:3      | Reached XP level 4. HP: 15/35 MP: 7/7
  2193 | D:3      | Noticed Sigmund
  2442 | D:3      | Found a runed door.
  2442 | D:3      | Noticed a human
  2446 | D:3      | Found a basalt altar of Yredelemnul.
  2606 | D:3      | Noticed an ogre
  2619 | D:3      | Killed an ogre
  2619 | D:3      | Reached skill level 5 in Transmutations
  2619 | D:3      | Reached XP level 5. HP: 34/40 MP: 6/8
  2697 | D:3      | Learned a level 5 spell: Blade Hands
  3630 | D:4      | Reached skill level 6 in Transmutations
  3891 | D:4      | Reached XP level 6. HP: 18/47 MP: 9/9
  4761 | D:3      | Reached skill level 7 in Transmutations
  5099 | D:3      | Slain by a worker ant

Vault maps used:
D:1:      dpeg_arrival_boxorama, minmay_cupped
D:2:      ashenzari_altar_1, nrook_mini_backslash
D:3:      dk_yredelemnul_ordeal, uniq_sigmund
D:4:      regret_index_temple_of_mockery, lemuel_temple_firewalk_b, first_ration

Skill      XL: |  1  2  3  4  5  6 |
---------------+-------------------+-----
Transmutations | 3 4 5 6 7 |  7.1
Fighting       | |  1.1
Dodging        | |  1.7
Unarmed Combat | |  3.0
Spellcasting   | |  2.0

Action                   |  1- 3 |  4- 6 || total
-------------------------+-------+-------++-------
Melee: Unarmed           |   144 |   225 ||   369
       Tailslap          |    18 |    25 ||    43
       Headbutt          |     7 |    11 ||    18
       Kick              |     5 |     3 ||     8
       Punch             |     1 |     2 ||     3
 Cast: Beastly Appendage |    14 |     8 ||    22
       Sticks to Snakes  |     1 |     5 ||     6
       Blade Hands       |       |     1 ||     1
  Use: Potion            |     3 |     3 ||     6
       Scroll            |       |     9 ||     9
 Stab: Sleeping          |     1 |       ||     1
       Distracted        |       |     1 ||     1
  Eat: Chunk             |     4 |     7 ||    11
       Ration            |       |     1 ||     1
Armor: Skin              |    59 |    57 ||   116
Dodge: Dodged            |   114 |   147 ||   261

Table legend:
 A = Spawn XP
 B = Non-spawn XP
 C = Spawn XP percentage of total XP
 D = Spawn monster count
 E = Non-spawn monster count
 F = Spawn count percentage of total count
 G = Total turns spent on level
                    A         B        C        D         E        F      G
               +---------+---------+-------+---------+---------+-------+---------
         Total |       0 |     567 |   0.0 |       0 |      64 |   0.0 |  5099
               +---------+---------+-------+---------+---------+-------+---------
           D:1 |       0 |      39 |   0.0 |       0 |      24 |   0.0 |  1194
           D:2 |       0 |      32 |   0.0 |       0 |       8 |   0.0 |   720
           D:3 |       0 |     243 |   0.0 |       0 |      22 |   0.0 |  2305
           D:4 |       0 |     253 |   0.0 |       0 |      10 |   0.0 |   880
               +---------+---------+-------+---------+---------+-------+---------
